 Dungeon Crawl Stone Soup version 0.17-a0-1337-ge651487 (webtiles) character file.

2615 B1inky the Fighter (level 9, -2/68 HPs)
             Began as an Octopode Fighter on June 11, 2015.
             Was an Initiate of Ru.
             Slain by an adder (4 damage)
             ... on level 8 of the Dungeon.
             The game lasted 00:18:28 (8421 turns).

B1inky the Fighter (Octopode Fighter)               Turns: 8421, Time: 00:18:28

Health: -2/68      AC:  1    Str: 18    XL:     9   Next: 60%
Magic:  9/9        EV: 11    Int: 10    God:    Ru [......]
Gold:   361        SH: 10    Dex: 14    Spells: 0 memorised, 8 levels left

rFire  . . .     SeeInvis .       - Unarmed
rCold  . . .     Clarity  +     a - +0 shield
rNeg   . . .     SustAt   .     (helmet restricted)
rPois  .         Gourm    .     (no amulet)
rElec  .         Spirit   .     x - +3 ring of evasion
rCorr  .         Warding  .     (no ring)
rMut   .         Stasis   .     (no ring)
MR     .....                    (no ring)
Stlth  ++........               (no ring)
                                (no ring)
                                (no ring)
                                (no ring)

@: lethally poisoned (-2 -> -7), not resistant to hostile enchantments,
unstealthy
A: almost no armour, amphibious, 8 rings, constrict 8, camouflage 1, agile 1,
clarity, sense surroundings 1, gelatinous body 1
a: Renounce Religion


You were on level 8 of the Dungeon.
You worshipped Ru.
Ru was noncommittal.
You were hungry.

You visited 1 branch of the dungeon, and saw 8 of its levels.

You collected 361 gold pieces.

Inventory:

Hand weapons
 z - the +1 dagger of an ossuary {pierce, +Inv MP+9 Str+9 Dex-2}
   (You found it on level 7 of the Dungeon)

   It inflicts extra damage upon your enemies.
   It affects your strength (+9).
   It affects your dexterity (-2).
   It affects your magic capacity (+9).
   It lets you turn invisible.
Armour
 a - a +0 shield (worn)
 n - a +2 buckler
Jewellery
 x - a +3 ring of evasion (left tentacle)
Magical devices
 A - a wand of confusion (28)
Scrolls
 f - 2 scrolls of recharging {unknown}
 l - a scroll of magic mapping
 o - a scroll of random uselessness {unknown}
 p - a scroll of noise {unknown}
 r - a scroll of fear {unknown}
 s - 2 scrolls of remove curse
 y - 2 scrolls of enchant armour {unknown}
 B - a scroll of silence {unknown}
 D - a scroll of summoning {unknown}
 E - a scroll of torment {unknown}
 G - a scroll of teleportation {unknown}
 H - a scroll of enchant weapon {unknown}
Potions
 b - 2 potions of might
 m - a potion of magic
 v - 3 potions of brilliance
Comestibles
 c - 5 bread rations
 i - 4 beef jerkies
 k - 4 meat rations
 C - a fruit


   Skills:
 - Level 9.1 Fighting
 - Level 6.0 Dodging
 - Level 6.1 Shields
 + Level 6.1 Unarmed Combat


You had 8 spell levels left.
You didn't know any spells.

Dungeon Overview and Level Annotations

Branches:
Dungeon (8/15)             Temple (0/1) D:7
   Lair: D:8-11

Altars:
Cheibriados
Fedhas
Kikubaaqudgha
Okawaru
Qazlal
Ru
The Shining One

Annotations:
D:7 Aiteri's ghost, experienced HOFi
D:8 Erica


Innate Abilities, Weirdness & Mutations

You cannot wear most types of armour.
You are amphibious.
You can wear up to eight rings at the same time.
You can use your tentacles to constrict eight enemies at once.
Your skin changes colour to match your surroundings (Stealth).
Your rubbery body absorbs attacks (AC +1).
You are agile. (Dex +2)
You possess an exceptional clarity of mind.
You passively map a small area around you.


Message History

You feel sick.
* * * LOW HITPOINT WARNING * * *
You feel sick.
There is an open door here.
You feel sick.
Erica points at you and mumbles some strange words.
You resist with significant effort.
You close the door.
You feel sick.
* * * LOW HITPOINT WARNING * * *
You feel sick.
You feel sick.
You feel sick.
You feel sick.
Erica opens the door.
You feel sick. The adder bites you.
* * * LOW HITPOINT WARNING * * *
There is a stone staircase leading up here.
* * * LOW HITPOINT WARNING * * *
You feel sick. The adder bites you.
You die...

#######+#....#.#.#...#.#.#.)....#
#.......#.........._.......###'##
+.......#....#.#.#...#.#.####..##
#..[....#....#.#.##.##.#.#......#
#.......'..>.#.#.......#.#.....(#
#.......#....#.####.####.#......'
##.####'#....#...........####..##
##.####.##...######.#########..##
'.....#..+....#.@S.....#.........
#.....+..#....'.......@'.....@...
##+#####+#....#.###..########..##
.... , .....###.###).##* * ##+##
.... ......# ...#....+, * ....
.... .......+....'....# ', ....
.... .......#+#####'### * ####
###+ ##+#.... , ... , ..# , ,, ,
, , , ,


You could see Erica and an adder.

Vanquished Creatures
  Sigmund (D:2)
  A basilisk (D:7)
  A necrophage (D:8)
  An orc warrior (D:8)
  3 sky beasts
  A black bear (D:5)
  3 centaurs
  2 ogres
  A giant frog (D:7)
  2 scorpions
  8 killer bees
  A giant frog zombie (D:7)
  2 crimson imps
  Crazy Yiuf (D:5)
  A giant frog skeleton (D:5)
  2 orc priests
  2 hounds
  4 worker ants (D:5)
  Natasha (twice) (D:2)
  5 orc wizards
  A killer bee zombie (D:7)
  A hound skeleton (D:4)
  Robin (D:3)
  3 gnolls (D:5)
  9 adders
  A shadow imp (D:7)
  An ooze (D:2)
  2 adder skeletons
  4 worms
  7 giant geckos
  15 orcs
  A ball python (D:3)
  8 bats
  6 giant cockroaches
  15 goblins
  13 hobgoblins
  3 jackals (D:2)
  4 quokkas
  A giant gecko skeleton (D:4)
  5 giant newts
  A jackal zombie (D:8)
  10 kobolds
  A quokka skeleton (D:5)
  10 rats
167 creatures vanquished.

Notes
Turn   | Place    | Note
--------------------------------------------------------------
     0 | D:1      | B1inky the Octopode Fighter began the quest for the Orb.
     0 | D:1      | Reached XP level 1. HP: 16/16 MP: 1/1
   302 | D:1      | Reached XP level 2. HP: 11/21 MP: 2/2
  1080 | D:2      | Reached XP level 3. HP: 23/26 MP: 3/3
  1113 | D:2      | Noticed Sigmund
  1123 | D:2      | Killed Sigmund
  1123 | D:2      | Reached skill level 5 in Unarmed Combat
  1123 | D:2      | Reached XP level 4. HP: 28/31 MP: 4/4
  1123 | D:2      | Reached XP level 5. HP: 32/36 MP: 5/5
  1499 | D:2      | Noticed Natasha
  1504 | D:2      | Killed Natasha
  1504 | D:2      | Reached skill level 6 in Unarmed Combat
  1504 | D:2      | Reached XP level 6. HP: 24/42 MP: 6/6
  1921 | D:2      | Found a blossoming altar of Fedhas.
  1980 | D:2      | Found a stormy altar of Qazlal.
  2217 | D:2      | Noticed Natasha
  2222 | D:2      | Killed Natasha
  2301 | D:3      | Noticed Robin
  2305 | D:3      | Killed Robin
  2554 | D:3      | Found a glowing golden altar of the Shining One.
  2840 | D:3      | Found an iron altar of Okawaru.
  3355 | D:4      | Reached XP level 7. HP: 36/46 MP: 7/7
  3358 | D:4      | Reached skill level 5 in Shields
  3742 | D:5      | Entered Level 5 of the Dungeon
  4301 | D:5      | Found an ancient bone altar of Kikubaaqudgha.
  4318 | D:5      | Reached XP level 8. HP: 29/52 MP: 8/8
  4379 | D:5      | Reached skill level 5 in Dodging
  4542 | D:5      | Noticed Crazy Yiuf
  4704 | D:5      | Killed Crazy Yiuf
  5179 | D:6      | Found a staircase to the Ecumenical Temple.
  5297 | D:6      | Gained mutation: You are agile. (Dex +2) [mutagenic meat]
  5298 | D:6      | Gained mutation: You possess an exceptional clarity of mind. [mutagenic meat]
  5299 | D:6      | Gained mutation: You passively map a small area around you. [mutagenic meat]
  5672 | D:6      | Found a snail-covered altar of Cheibriados.
  6358 | D:6      | Reached skill level 5 in Fighting
  6484 | D:7      | Noticed Aiteri's ghost (experienced HOFi)
  6494 | D:7      | Got a crystal dagger
  6495 | D:7      | Identified the +1 dagger of an ossuary {pierce, +Inv MP+9 Str+9 Dex-2} (You found it on level 7 of the Dungeon)
  6508 | D:7      | Found a staircase to the Ecumenical Temple.
  6890 | D:7      | Reached XP level 9. HP: 61/63 MP: 9/9
  6913 | D:7      | Reached skill level 7 in Fighting
  7836 | D:8      | Reached skill level 8 in Fighting
  8012 | D:8      | Found a sacrificial altar of Ru.
  8042 | D:8      | Became a worshipper of Ru the Awakened
  8321 | D:8      | Reached skill level 9 in Fighting
  8397 | D:8      | Noticed Erica
  8420 | D:8      | HP: 3/68 [adder (5)]
  8421 | D:8      | Slain by an adder

Vault maps used:
D:1:      saegor_arrival_simple_a
D:2:      lemuel_crystal_altar, nicolae_qazlal_eye_of_the_storm, first_bread,
          uniq_sigmund, uniq_natasha
D:3:      overflow_temple_1_default, tso_metal_star, uniq_robin
D:5:      kennysheep_mini_moat, hangedman_abyss_or_decor_lesser_grid,
          minmay_misc_feat_diagonals, uniq_crazy_yiuf_cottage
D:6:      nicolae_overflow_crystal_walls, minmay_temple_entry_junction2
D:7:      minmay_temple_entry_from_below_a
D:8:      nicolae_ru_sacrificial_ziggurat, minitemple, serial_shops, shop,
          uniq_erica

Action                   |  1- 3 |  4- 6 |  7- 9 || total
-------------------------+-------+-------+-------++-------
Melee: Unarmed           |    47 |   123 |   287 ||   457
  Use: Scroll            |     1 |       |     9 ||    10
       Potion            |       |       |     7 ||     7
 Stab: Sleeping          |     6 |    10 |     8 ||    24
       Distracted        |       |     1 |     1 ||     2
  Eat: Chunk             |       |     8 |     6 ||    14
       Fruit             |       |       |     2 ||     2
       Meat ration       |       |       |     2 ||     2
